 Dungeon Sprint DCSS version 0.31.0-12-g77e489cdc1 (webtiles) character file.

Game seed: 5231075535373115534

8936 CougarLife the Bludgeoner (level 11, -4/112 HPs)
             Began as a Minotaur Fighter on Feb 27, 2024.
             Was the Champion of Okawaru.
             Slain by a death yak (19 damage)
             ... in the Dungeon (Sprint IX: "|||||||||||||||||||||||||||||").
             The game lasted 00:04:48 (1225 turns).

CougarLife the Bludgeoner (Minotaur Fighter)        Turns: 1225, Time: 00:04:49

Health: -4/112     AC: 21    Str: 28    XL:     11   Next: 16%
Magic:  18/20      EV: 14    Int:  5    God:    Okawaru [******]
Gold:   10         SH:  8    Dex: 10    Spells: 10/10 levels left

rFire   . . .        n - +7 morningstar (protect)
rCold   . . .        c - +0 buckler
rNeg    . . .        r - +2 ring mail
rPois   .            (helmet restricted)
rElec   .            o - +0 cloak
rCorr   .            a - +0 pair of gloves
SInv    .            (no boots)
Will    .....        (no amulet)
Stlth   ++           p - +2 ring of evasion
HPRegen 0.38/turn    q - +3 ring of strength
MPRegen 0.17/turn

%: no teleportation
@: heroic, under a protective aura, on berserk cooldown, hasted and slowed
A: horns 2, retaliatory headbutt
a: Renounce Religion, Heroism, Finesse, Receive Weapon, Receive Armour


You were in the Dungeon.
You worshipped Okawaru.
Okawaru was exalted by your worship.
You visited 1 branch You collected 10 gold pieces.

Inventory:

Hand Weapons
 n - a +7 morningstar of protection (weapon)
Missiles
 k - 3 boomerangs (quivered)
Armour
 a - a +0 pair of gloves (worn)
 c - a +0 buckler (worn)
 o - a +0 cloak (worn)
 r - a +2 ring mail (worn)
Jewellery
 p - a +2 ring of evasion (left hand)
 q - a +3 ring of strength (right hand)
Wands
 m - a wand of iceblast (10)
Scrolls
 b - 3 scrolls of enchant weapon
 f - a scroll of fear
 j - 2 scrolls of blinking
 l - 2 scrolls of amnesia
Potions
 d - a potion of might
 e - 7 potions of curing
 h - 4 potions of magic


   Skills:
 * Level 15.2(20.2) Fighting
 * Level 15.7(20.7) Maces & Flails
 * Level 7.4(12.4) Throwing
 + Level 12.7(17.7) Armour
 + Level 12.6(17.6) Shields
 + Level 13.5 Invocations


You had 10 spell levels left.
You didn't know any spells.
Your spell library was empty.

Dungeon Overview and Level Annotations

Branches:
Dungeon (1/1)

Altars:
Cheibriados
Dithmenos
Elyvilon
Fedhas
Gozag
Hepliaklqana
Kikubaaqudgha
Makhleb
Nemelex Xobeh
Okawaru
Qazlal
Ru
Sif Muna
Trog
Uskayaw
Vehumet
Wu Jian
Xom
Yredelemnul
Zin
The Shining One
Jiyva
Lugonu


Innate Abilities, Weirdness & Mutations

You have a pair of horns on your head.
You reflexively headbutt those who attack you in melee.


Message History

You feel yourself slow down. The death yak gores you.
* * * LOW HITPOINT WARNING * * *
The death yak gores you!
* * * LOW HITPOINT WARNING * * *
You turn to flesh and can move again.
Unknown command.
You feel better.
The death yak gores you but does no damage.
You feel better. The death yak gores you!!
* * * LOW HITPOINT WARNING * * *
You barely miss the death yak. You headbutt the death yak.
The death yak is heavily wounded.
You bludgeon the death yak!!
Your weapon exudes an aura of protection.
You headbutt the death yak.
The death yak is almost dead.
The death yak misses you.
You hit the death yak. Your headbutt misses the death yak.
The death yak is almost dead.
You block the death yak's attack.
You gain the combat prowess of a mighty hero.
Okawaru is no longer ready to gift you weaponry.
Okawaru is no longer ready to gift you armour.
The death yak gores you but does no damage.
You barely miss the death yak.
The death yak is almost dead.
You barely miss the death yak. You headbutt the death yak.
You kill the death yak!
Okawaru is honoured by your kill.
Okawaru will grant you a choice of weapons... once.
Okawaru will grant you a choice of armour... once.
Your extra speed is starting to run out.
You puncture the death yak!
The death yak is lightly wounded.
You block the death yak's attack.
You hit the death yak.
You headbutt the death yak, but do no damage.
The death yak is moderately wounded.
The death yak gores you!!
You die...

▓.▓.▓.▓
▓Y▓.▓.▓
▓Y▓.▓.▓
▓Y▓.▓)▓
▓.▓.▓.▓
▓Y▓.▓.▓
▓Y▓.▓'▓
▓Y▓.▓_▓
▓@▓.▓_▓
▓.▓.▓_▓
▓.▓.▓_▓
▓.▓.▓_▓
▓.▓.▓_▓
▓.▓.▓_▓
▓.▓.▓_▓
▓÷▓.▓_▓
▓÷▓.▓_▓


You could see 5 death yaks and a yak.

Vanquished Creatures
  A hydra (D)
  A catoblepas (D)
  A boulder beetle (D)
  A centaur warrior (D)
  A two-headed ogre (D)
  A tengu warrior (D)
  A death yak (D)
  An arcanist (D)
  An ugly thing (D)
  A black mamba (D)
  2 torpor snails (D)
  A cane toad (D)
  3 komodo dragons (D)
  A troll (D)
  A blink frog (D)
  A wraith (D)
  A wyvern (D)
  2 yaks (D)
  A basilisk (D)
  2 vampire mosquitoes (D)
  4 water moccasins (D)
  A bullfrog (D)
  A wight (D)
  A hound (D)
  2 orc wizards (D)
  A gnoll (D)
  A dart slug (D)
  A bat (D)
  2 endoplasms (D)
  A hobgoblin (D)
  A quokka (D)
  A ball python (D)
42 creatures vanquished.

Notes
Turn   | Place    | Note
-------+----------+-------------------------------------------
     0 | D        | CougarLife the Minotaur Fighter began the quest for the
                  | Orb.
     0 | D        | Reached XP level 1. HP: 19/19 MP: 0/0
    16 | D        | Noticed an orc wizard
    16 | D        | Noticed a hound
    19 | D        | Reached skill level 5 in Fighting
    19 | D        | Reached XP level 2. HP: 26/29 MP: 1/1
    24 | D        | Reached XP level 3. HP: 27/37 MP: 2/2
    30 | D        | Reached XP level 4. HP: 21/45 MP: 3/3
   137 | D        | Found a snail-covered altar of Cheibriados.
   137 | D        | Found a shadowy altar of Dithmenos.
   137 | D        | Found a white marble altar of Elyvilon.
   137 | D        | Found a blossoming altar of Fedhas.
   137 | D        | Found an opulent altar of Gozag.
   138 | D        | Found a hazy altar of Hepliaklqana.
   139 | D        | Found a viscous altar of Jiyva.
   140 | D        | Found an ancient bone altar of Kikubaaqudgha.
   141 | D        | Found a corrupted altar of Lugonu.
   142 | D        | Found a burning altar of Makhleb.
   143 | D        | Found a sparkling altar of Nemelex Xobeh.
   144 | D        | Found an iron altar of Okawaru.
   145 | D        | Found a stormy altar of Qazlal.
   146 | D        | Found a sacrificial altar of Ru.
   147 | D        | Found a shimmering blue altar of Sif Muna.
   148 | D        | Found a bloodstained altar of Trog.
   149 | D        | Found a hide-covered altar of Uskayaw.
   150 | D        | Found a radiant altar of Vehumet.
   151 | D        | Found an ornate altar of the Wu Jian Council.
   152 | D        | Found a shimmering altar of Xom.
   153 | D        | Found a basalt altar of Yredelemnul.
   154 | D        | Found a glowing silver altar of Zin.
   155 | D        | Found a glowing golden altar of the Shining One.
   168 | D        | Became a worshipper of Warmaster Okawaru
   231 | D        | Noticed a yak
   231 | D        | Noticed a vampire mosquito
   231 | D        | Noticed a two-headed ogre
   231 | D        | Noticed a troll
   231 | D        | Noticed a wraith
   236 | D        | Killed a wraith
   236 | D        | Reached * piety under Okawaru
   237 | D        | Reached skill level 5 in Armour
   237 | D        | Reached skill level 5 in Shields
   237 | D        | Reached skill level 5 in Invocations
   237 | D        | Reached XP level 5. HP: 51/56 MP: 3/8
   237 | D        | Reached XP level 6. HP: 56/62 MP: 3/9
   248 | D        | Killed a two-headed ogre
   249 | D        | Reached skill level 10 in Fighting
   249 | D        | Reached skill level 10 in Maces & Flails
   249 | D        | Reached XP level 7. HP: 35/72 MP: 3/12
   249 | D        | Killed a troll
   249 | D        | Reached ** piety under Okawaru
   250 | D        | Reached XP level 8. HP: 39/80 MP: 3/13
   431 | D        | Noticed an arcanist
   431 | D        | Noticed a tengu warrior
   431 | D        | Noticed a centaur warrior
   431 | D        | Noticed a green ugly thing
   438 | D        | Killed a green ugly thing
   438 | D        | Reached *** piety under Okawaru
   439 | D        | Reached skill level 10 in Invocations
   442 | D        | Killed a centaur warrior
   443 | D        | Reached skill level 10 in Armour
   443 | D        | Reached skill level 10 in Shields
   443 | D        | Reached XP level 9. HP: 45/90 MP: 13/16
   453 | D        | Killed a tengu warrior
   453 | D        | Reached **** piety under Okawaru
   455 | D        | Killed an arcanist
   461 | D        | Reached ***** piety under Okawaru
   754 | D        | Noticed a boulder beetle
   754 | D        | Noticed a komodo dragon
   754 | D        | Noticed a torpor snail
   754 | D        | Noticed a cane toad
   756 | D        | Noticed a komodo dragon
   758 | D        | Killed a cane toad
   759 | D        | Reached XP level 10. HP: 100/100 MP: 18/18
   763 | D        | Killed a torpor snail
   775 | D        | Killed a boulder beetle
   892 | D        | Noticed a seven-headed hydra
   894 | D        | Noticed a black mamba
   897 | D        | Killed a seven-headed hydra
   897 | D        | Received a gift from Okawaru
   898 | D        | Reached skill level 5 in Throwing
   918 | D        | Noticed a torpor snail
   925 | D        | Reached skill level 15 in Maces & Flails
   928 | D        | Killed a black mamba
   934 | D        | Killed a torpor snail
   935 | D        | Reached XP level 11. HP: 59/111 MP: 20/20
  1180 | D        | Noticed a death yak
  1180 | D        | Noticed a death yak
  1180 | D        | Noticed a death yak
  1180 | D        | Noticed a death yak
  1180 | D        | Noticed a catoblepas
  1182 | D        | Noticed a death yak
  1185 | D        | Noticed a death yak
  1206 | D        | Killed a catoblepas
  1206 | D        | Reached ****** piety under Okawaru
  1207 | D        | Reached skill level 15 in Fighting
  1223 | D        | Killed a death yak
  1225 | D        | Slain by a death yak

Illustrated notes

Levels and vault maps discovered:
D:        linesprint [early_d, line_temple, items_1, d_10, items_2, lair_1,
          lair_end, items_3, orc_1, orc_end, items_4, d_15, swamp_1, shoals_1,
          snake_1, spider_1, d_20, vaults_1, items_5, swamp_end, shoals_end,
          snake_end, spider_end, vaults_end, d_27, items_6, zot_1, zot_end,
          crypt_end, forest_end, elf_end, slime_end, tomb_end, abyss_end,
          pan_hell_end]

Skill      XL: |  1  2  3  4  5  6  7  8  9 10 11 |
---------------+----------------------------------+-----
Fighting       | 5 6 8 10 11 12 14 15 | 15.2
Maces & Flails | 4 6 7 9 10 11 12 13 15 | 15.7
Armour         | 5 8 10 11 12 | 12.7
Shields        | 5 8 10 11 12 | 12.6
Invocations    | 5 8 9 11 12 13 | 13.5
Throwing       | 2 6 7 |  7.4

Action                     |  1- 3 |  4- 6 |  7- 9 | 10-12 || total
---------------------------+-------+-------+-------+-------++-------
  Melee: Flail             |    18 |     3 |       |       ||    21
         Headbutt          |     1 |     5 |     7 |    17 ||    30
         Morningstar       |       |    15 |    34 |    70 ||   119
 Invoke: Heroism           |       |     1 |     1 |     4 ||     6
    Use: Potion            |       |     1 |     4 |     4 ||     9
         Scroll            |       |       |     5 |       ||     5
   Stab: Invisible         |       |       |     1 |       ||     1
 Armour: Scale mail        |    10 |     3 |       |       ||    13
         Ring mail         |       |    20 |    33 |    66 ||   119
  Dodge: Dodged            |     8 |    11 |    17 |    30 ||    66
  Block: Buckler           |     2 |     6 |    12 |    20 ||    40
